 Seeded DCSS version 0.29.1-2-gbd0b4ee654 (webtiles) character file.

Game seed: 86594 (custom seed)

33641 Ashen the Frost Mage (level 13, -4/103 HPs)
             Began as a Demonspawn Ice Elementalist on Oct 31, 2022.
             Was a High Priest of Vehumet.
             Killed from afar by an acid blob (12 damage)
             ... with a splash of acid
             ... on level 5 of the Lair of Beasts.
             The game lasted 00:50:09 (16384 turns).

Ashen the Frost Mage (Demonspawn Ice Elementalist) Turns: 16384, Time: 00:50:10

Health: -4/103     AC:  1    Str: 10    XL:     13   Next: 37%
Magic:  27/27      EV: 13    Int: 26    God:    Vehumet [*****.]
Gold:   1337       SH:  0    Dex: 14    Spells: 12/32 levels left

rFire   . . .      SeeInvis .   I - staff of air
rCold   . . .      Faith    .   (no shield)
rNeg    . . .      Spirit   .   v - +4 troll leather armour
rPois   .          Reflect  .   K - +2 hat
rElec   +          Harm     .   (cloak unavailable)
rCorr   .          Rampage  .   H - +1 pair of gloves
Will    .....                   A - +0 pair of boots
Stlth   +++.......              t - amulet of regeneration
HPRegen 2.87/turn               y - +6 ring of intelligence
MPRegen 0.20/turn               p - ring of wizardry

@: mighty, agile, petrifying (expiring), corroded, very slow
A: powered by death 2, powered by pain 1, sturdy frame 2, weakness stinger 3
a: Renounce Religion


You were on level 5 of the Lair of Beasts.
You worshipped Vehumet.
Vehumet was extremely pleased with you.
You visited 4 branches of the dungeon, and saw 17 of its levels.
You also visited: Ossuary.

You collected 1337 gold pieces.

Inventory:

Hand Weapons
 r - a +1 rapier
Armour
 l - the +0 helmet of Gravity {Fly Str+4 Int-2}
   (You took it off Robin on level 2 of the Dungeon)

   Str:       It affects your strength (+4).
   Int:       It affects your intelligence (-2).
   Fly:       It grants you flight.
 v - a +4 troll leather armour (worn)
 x - the +1 robe of Vines {NoPotionHeal Regen++++}
   (You found it on level 4 of the Lair of Beasts)

   Its wearer cannot be healed by potions.
   Regen:     It increases your rate of health regeneration.
 A - a +0 pair of boots (worn)
 H - a +1 pair of gloves (worn)
 K - a +2 hat (worn)
Magical Staves
 I - a staff of air (weapon)
Jewellery
 p - a ring of wizardry (right hand)
 t - an amulet of regeneration (around neck)
 y - a +6 ring of intelligence (left hand)
 L - a ring of protection from cold
Wands
 w - a wand of iceblast (9)
 D - a wand of flame (6)
Scrolls
 a - a scroll of fear {unknown}
 c - a scroll of amnesia {unknown}
 e - 3 scrolls of enchant weapon
 f - 6 scrolls of teleportation
 g - 2 scrolls of noise {unknown}
 h - 4 scrolls of blinking {unknown}
 i - 5 scrolls of magic mapping
 B - a scroll of silence
 C - 2 scrolls of fog {unknown}
 E - 2 scrolls of poison
 G - 2 scrolls of vulnerability
Potions
 b - 6 potions of attraction
 d - 2 potions of resistance
 j - a potion of invisibility
 k - 8 potions of brilliance
 m - 4 potions of mutation
 n - 3 potions of cancellation
 o - 4 potions of ambrosia
 q - 8 potions of lignification
 s - 7 potions of curing
 u - 3 potions of magic
 z - 2 potions of flight
 F - 4 potions of heal wounds
 J - 2 potions of degeneration {unknown}
 M - a potion of might


   Skills:
 + Level 10.0 Fighting
 + Level 10.0 Dodging
 - Level 5.0 Stealth
 + Level 10.0 Spellcasting
 - Level 10.0 Conjurations
 * Level 10.1 Ice Magic


You had 12 spell levels left.
You knew the following spells:

 Your Spells              Type           Power      Damage    Failure   Level
a - Freeze                Ice            100%       1d11      1%          1
b - Frozen Ramparts       Ice            100%       1d16      1%          3
c - Ozocubu's Armour      Ice            60%        N/A       1%          3
d - Hailstorm             Conj/Ice       60%        3d13      1%          4
e - Flame Wave            Conj/Fire      39%        2d11      1%          4
f - Freezing Cloud        Conj/Ice/Air   32%        6-21      1%          5

Your spell library contained the following spells:

 Spells                   Type           Power      Damage    Failure   Level
 Spellforged Servitor     Conj/Summ      19%        N/A       41%         7
 Necrotise                Necr           52%        1d6       1%          1
 Sting                    Tmut/Pois      52%        1d5       1%          1
 Poisonous Vapours        Pois/Air       38%        N/A       1%          2
 Conjure Flame            Conj/Fire      39%        6-21      1%          3
 Dazzling Flash           Conj/Hex       78%        N/A       1%          3
 Ignite Poison            Fire/Tmut/Pois 13%        N/A       1%          3
 Inner Flame              Hex/Fire       13%        N/A       1%          3
 Stone Arrow              Conj/Erth      78%        3d11      1%          3
 Iskenderun's Mystic Bla  Conj/Tloc      39%        2d9       1%          4
 Sticky Flame             Conj/Fire      39%        2d6       1%          4
 Ice Form                 Ice/Tmut       39%        N/A       2%          4
 Summon Ice Beast         Ice/Summ       39%        N/A       2%          4
 Olgreb's Toxic Radiance  Pois           13%        N/A       5%          4
 Vampiric Draining        Necr           13%        2d6       6%          3
 Starburst                Conj/Fire      19%        6d7       10%         6
 Animate Armour           Summ/Erth      26%        N/A       17%         4
 Cause Fear               Hex            6%         N/A       17%         4
 Agony                    Necr           13%        N/A       43%         5
 Lehudib's Crystal Spear  Conj/Erth      19%        10d6      95%         8
 Malign Gateway           Summ/Tloc      6%         N/A       100%        7
 Discord                  Hex            6%         N/A       100%        8
 Summon Horrible Things   Summ           6%         N/A       100%        8


Dungeon Overview and Level Annotations

Branches:
Dungeon (10/15)            Temple (1/1) D:7            Lair (5/5) D:10
 Shoals (0/4) Lair:3       Spider (0/4) Lair:2          Orc (1/2) D:9
Ossuary (visited)
  Slime: Lair:4-5

Altars:
Ashenzari
Cheibriados
Dithmenos
Fedhas
Gozag
Hepliaklqana
Kikubaaqudgha
Makhleb
Nemelex Xobeh
Okawaru
Qazlal
Ru
Sif Muna
Trog
Uskayaw
Vehumet
Wu Jian
Xom
Yredelemnul

Annotations:
D:2 Sigmund
D:6 3 runed translucent doors, p0werm0de's ghost, novice OpMo
D:9 Harold
Lair:5 2 transporters, diceflayer's ghost, adept DsFi


Innate Abilities, Weirdness & Mutations

You regenerate health from kills.
You sometimes gain a little power by taking damage.
Your movements are less encumbered by armour. (ER -4)
You have a sharp stinger which inflicts weakening toxins.


Message History

The acid corrodes you! The wolf bites you!
* * * LOW HITPOINT WARNING * * *
The basilisk gazes at you.
You are slowing down.
The wolf barely misses you.
A wolf spider comes into view.
The blink frog hits you.
* * * LOW HITPOINT WARNING * * *
You can move again.
Unknown command.
Okay, then.
You feel much better. The wolf barely misses you. The wolf bites you.
* * * LOW HITPOINT WARNING * * *
The acid blob closely misses you. The wolf bites you!
* * * LOW HITPOINT WARNING * * *
The blink frog barely misses you. The wolf closely misses you.
The basilisk gazes at you.
You easily resist.
The acid blob spits acid at you. The splash of acid hits you!!
* * * LOW HITPOINT WARNING * * *
The acid corrodes you! The wolf closely misses you.
The blink frog completely misses you.
Your limbs are stiffening.
Unknown command.
Casting: Hailstorm (safe; 1% risk of failure)
Confirm with . or Enter, or press ? or * to list all spells.
Okay, then.
This is a scroll of acquirement!
You see here Lyiggaiw's Tome of the Blaze and Ensorcelling.
Something appears at your feet!
A wolf comes into view.
The basilisk gazes at you.
Your limbs have turned to stone.
An elephant comes into view. x2
The great orb of eyes gazes at you. You resist with significant effort.
A jelly comes into view.
The acid blob spits acid at you. The splash of acid hits you!!
You die...

#..§.§.......#....#
#PYJY.........h...
##......l.....P#
#............###
#.......^...#
#...Y..S...##
##......h...# .
#.....hJJlh## ...
♣......h@G##.....
♣~.....Fhs.......
..♣~..~.♣~P...#P..
..♣♣~PP~P~######
...~~~~~♣~ .#♣~~~♣#
#~♣~ ##


You could see an acid blob, an azure jelly, 3 elephants, a great orb of eyes, a
wolf spider, a komodo dragon, a basilisk, a blink frog, a water moccasin, 6
wolves and a jelly.

Vanquished Creatures
  Gastronok (D:9)
  5 hydras
  2 two-headed ogres
  4 death yaks (Lair:4)
  Pikel (D:9)
  4 oklob plants
  3 elephants (Lair:3)
  Joseph (D:9)
  3 black mambas
  A torpor snail (Lair:3)
  12 cane toads
  3 komodo dragons
  A rime drake (Lair:3)
  2 polar bears
  A hornet (D:10)
  9 blink frogs
  A slime creature (D:10)
  2 shadows
  A culicivora (Lair:2)
  3 wyverns
  40 yaks
  2 basilisks
  A steam dragon (D:7)
  7 wargs
  11 water moccasins
  2 orc warriors
  5 black bears
  An ogre (D:6)
  11 wolves
  9 centaurs
  2 lemures
  4 kobold brigands
  A phantom (D:5)
  9 bullfrogs
  A gnoll sergeant (D:9)
  A scorpion (D:4)
  5 wights
  11 killer bees
  6 electric eels
  3 jellies
  4 hounds
  3 gnoll boudas
  6 orc priests
  Ijyb (D:4)
  4 iguanas
  9 orc wizards
  5 hell rats (Lair:2)
  8 mummies (Ossuary)
  Robin (D:2)
  2 adders
  19 gnolls
  4 ufetubi
  5 worms (D:3)
  4 dart slugs
  22 orcs
  7 ball pythons
  6 endoplasms
  5 giant cockroaches
  3 gnoll zombies (Ossuary)
  18 goblins
  13 hobgoblins
  3 quokkas
  4 bats (D:1)
  4 frilled lizards
  A hobgoblin zombie (Ossuary)
  26 kobolds
  2 kobold zombies (Ossuary)
  2 orc zombies (Ossuary)
  6 rats
  A spectral orc (D:9)
390 creatures vanquished.

Vanquished Creatures (others)
  12 fungi
  48 plants
60 creatures vanquished.

Grand Total: 450 creatures vanquished

Notes
Turn   | Place    | Note
-------+----------+-------------------------------------------
     0 | D:1      | Ashen the Demonspawn Ice Elementalist began the quest for
                  | the Orb.
     0 | D:1      | Reached XP level 1. HP: 13/13 MP: 3/3
   244 | D:1      | Gained mutation: You sometimes gain a little power by
                  | taking damage. [demonic ancestry]
   244 | D:1      | Reached XP level 2. HP: 4/20 MP: 0/5
  1342 | D:1      | Gained mutation: You regenerate a little health from kills.
                  | [demonic ancestry]
  1342 | D:1      | Reached XP level 3. HP: 22/25 MP: 0/6
  1438 | D:1      | Learned a level 3 spell: Frozen Ramparts
  1448 | D:2      | Reached skill level 1 in Fighting
  1696 | D:2      | Found a faded altar of an unknown god.
  1816 | D:2      | Noticed Sigmund
  1920 | D:2      | Identified the +0 helmet of Gravity {Fly Str+4 Int-2}
  1920 | D:2      | Noticed Robin
  2078 | D:1      | Reached XP level 4. HP: 32/32 MP: 0/7
  2239 | D:2      | Killed Robin
  2249 | D:2      | Learned a level 3 spell: Ozocubu's Armour
  3117 | D:3      | Gained mutation: You regenerate health from kills. [demonic
                  | ancestry]
  3117 | D:3      | Reached XP level 5. HP: 34/38 MP: 6/9
  3739 | D:4      | Noticed Ijyb
  3742 | D:4      | Noticed a black bear
  3801 | D:3      | Killed a black bear
  3802 | D:3      | Gained mutation: You have a small tail. [demonic ancestry]
  3802 | D:3      | Reached XP level 6. HP: 46/46 MP: 3/10
  3864 | D:4      | Killed Ijyb
  4055 | D:4      | Learned a level 4 spell: Hailstorm
  4125 | D:4      | Found a shadowy altar of Dithmenos.
  4260 | D:4      | Reached XP level 7. HP: 47/52 MP: 3/12
  4563 | D:4      | Reached skill level 5 in Ice Magic
  4653 | D:5      | Entered Level 5 of the Dungeon
  4896 | D:5      | Found a broken altar of Ashenzari.
  5130 | D:5      | Noticed a +0 dagger
  5130 | D:5      | Noticed a +0 hand axe
  5131 | D:5      | Found a hide-covered altar of Uskayaw.
  5556 | D:5      | Found a shimmering blue altar of Sif Muna.
  5634 | D:6      | Found a runed translucent gate.
  5634 | D:6      | Found a runed translucent gate.
  5634 | D:6      | Found a runed translucent gate.
  5637 | D:6      | Noticed p0werm0de's ghost (novice OpMo)
  5717 | D:6      | Noticed a yak
  5717 | D:6      | Noticed a yak
  5717 | D:6      | Noticed a yak
  5717 | D:6      | Noticed a yak
  5717 | D:6      | Noticed a yak
  5840 | D:6      | Reached XP level 8. HP: 60/60 MP: 5/14
  5945 | D:6      | Found a sand-covered staircase.
  5954 | Ossuary  | Entered an ossuary
  6260 | D:6      | Found a shimmering altar of Xom.
  6392 | D:6      | Reached skill level 1 in Conjurations
  6403 | D:6      | Reached skill level 5 in Stealth
  6420 | D:6      | Reached skill level 5 in Spellcasting
  6547 | D:6      | Reached skill level 5 in Fighting
  6547 | D:6      | Gained mutation: You have a tail ending in a sharp stinger.
                  | [demonic ancestry]
  6547 | D:6      | Reached XP level 9. HP: 40/68 MP: 14/16
  6678 | D:7      | Reached skill level 5 in Dodging
  6784 | D:7      | Found an iron altar of Okawaru.
  7290 | D:7      | Found a staircase to the Ecumenical Temple.
  7296 | Temple   | Entered the Ecumenical Temple
  7303 | Temple   | Became a worshipper of Vehumet
  8138 | D:8      | Noticed a two-headed ogre
  8380 | D:8      | Reached * piety under Vehumet
  8380 | D:8      | Offered knowledge of Magic Dart by Vehumet.
  8507 | D:8      | Found a burning altar of Makhleb.
  8901 | D:9      | Noticed Harold
  8920 | D:9      | Found a stormy altar of Qazlal.
  9017 | D:9      | Gained mutation: You have a sharp stinger which inflicts
                  | weakening toxins. [demonic ancestry]
  9017 | D:9      | Reached XP level 10. HP: 22/76 MP: 19/19
  9067 | D:9      | Found a bloodstained altar of Trog.
  9175 | D:9      | Noticed Pikel
  9292 | D:9      | Noticed Gastronok
  9320 | D:9      | Noticed Joseph
  9335 | D:9      | Killed Joseph
  9470 | D:9      | Killed Pikel
  9572 | D:9      | Found a staircase to the Orcish Mines.
  9580 | D:9      | Reached skill level 5 in Conjurations
  9621 | D:9      | Reached ** piety under Vehumet
  9622 | D:9      | Offered knowledge of Static Discharge by Vehumet.
  9752 | D:9      | Noticed a two-headed ogre
  9994 | D:9      | Killed a two-headed ogre
 10102 | D:9      | Killed Gastronok
 10208 | D:9      | Found a basalt altar of Yredelemnul.
 10277 | D:10     | Entered Level 10 of the Dungeon
 10306 | D:10     | Noticed a two-headed ogre
 10314 | D:10     | Killed a two-headed ogre
 10315 | D:10     | Reached XP level 11. HP: 84/84 MP: 9/21
 10326 | D:10     | Found a sacrificial altar of Ru.
 10434 | D:10     | Found a staircase to the Lair.
 10776 | D:10     | Noticed a boulder beetle
 10778 | D:10     | a boulder beetle changed into a slime creature
 10793 | D:10     | Offered knowledge of Scorch by Vehumet.
 11348 | Orc:1    | Entered Level 1 of the Orcish Mines
 11349 | Orc:1    | Noticed an orc sorcerer
 11349 | Orc:1    | Noticed an ettin
 11414 | Lair:1   | Entered Level 1 of the Lair of Beasts
 11414 | Lair:1   | You fall into a shaft and drop 1 floor!
 11641 | Lair:2   | Reached *** piety under Vehumet
 11776 | Lair:2   | Found a hole to the Spider Nest.
 11814 | Lair:2   | Offered knowledge of Flame Wave by Vehumet.
 11832 | Lair:2   | Learned a level 4 spell: Flame Wave
 12662 | Lair:1   | Noticed a four-headed hydra
 12679 | Lair:1   | Killed a four-headed hydra
 12680 | Lair:1   | Gained mutation: Your movements are slightly less
                  | encumbered by armour. (ER -2) [demonic ancestry]
 12680 | Lair:1   | Reached XP level 12. HP: 93/94 MP: 11/24
 12987 | Lair:1   | Reached **** piety under Vehumet
 13998 | Lair:3   | Offered knowledge of Freezing Cloud by Vehumet.
 14015 | Lair:3   | Learned a level 5 spell: Freezing Cloud
 14184 | Lair:3   | Found a staircase to the Shoals.
 14185 | Lair:3   | Noticed a five-headed hydra
 14190 | Lair:3   | Killed a five-headed hydra
 14650 | Lair:3   | Found a blossoming altar of Fedhas.
 15141 | Lair:4   | Noticed a death yak
 15144 | Lair:4   | Noticed a death yak
 15150 | Lair:4   | Noticed a death yak
 15152 | Lair:4   | Noticed a death yak
 15152 | Lair:4   | Killed a death yak
 15154 | Lair:4   | Killed a death yak
 15159 | Lair:4   | Killed a death yak
 15160 | Lair:4   | Reached skill level 10 in Fighting
 15160 | Lair:4   | Reached skill level 10 in Ice Magic
 15161 | Lair:4   | Killed a death yak
 15162 | Lair:4   | Gained mutation: Your movements are less encumbered by
                  | armour. (ER -4) [demonic ancestry]
 15162 | Lair:4   | Reached XP level 13. HP: 103/103 MP: 9/26
 15385 | Lair:4   | Found the +1 robe of Vines {NoPotionHeal Regen++++}
 15774 | Lair:4   | Reached skill level 10 in Spellcasting
 15774 | Lair:4   | Reached ***** piety under Vehumet
 15922 | Lair:4   | Offered knowledge of Spellforged Servitor by Vehumet.
 16281 | Lair:5   | Entered Level 5 of the Lair of Beasts
 16290 | Lair:5   | Reached skill level 10 in Dodging
 16305 | Lair:5   | Noticed diceflayer's ghost (adept DsFi)
 16326 | Lair:5   | Found a transporter.
 16328 | Lair:5   | Found a transporter.
 16356 | Lair:5   | Noticed an acid blob
 16359 | Lair:5   | Noticed an azure jelly
 16368 | Lair:5   | Reached skill level 10 in Conjurations
 16378 | Lair:5   | Paralysed by a great orb of eyes for 5 turns
 16382 | Lair:5   | HP: 5/103 [wolf (7)]
 16384 | Lair:5   | Identified a scroll of acquirement
 16384 | Lair:5   | Acquired Lyiggaiw's Tome of the Blaze and Ensorcelling
 16384 | Lair:5   | Killed from afar by an acid blob

Illustrated notes

Levels and vault maps discovered:
D:1:      co_arrival_square_in_a_square_in_a_square, layout_basic
D:2:      layout_rooms, hellmonk_ecumenical_altar_leap_of_faith, uniq_robin,
          uniq_sigmund
D:3:      layout_rooms, interstate_on_off, minmay_misc_feat_alley,
          nicolae_wormholes
D:4:      layout_rooms, nicolae_dithmenos_through_a_glass_darkly,
          chequers_serial_rivers_room_a, dreamdust_gnoll_farm, uniq_ijyb
D:5:      layout_gridville, nicolae_sif_muna_little_library,
          general_overflow_altar, dancing_weapons_uskayaw
D:6:      layout_rooms, xom_teletrap_fun, gammafunk_ghost_nasty_kobolds,
          enter_ossuary_1, nrook_pool_corridor
D:7:      layout_basic, okawaru_ov_weapons_minmay, minmay_temple_entry_waves,
          kennysheep_dice
D:8:      layout_rooms, kennysheep_mini_moat, roderic_lattice_a
D:9:      layout_cave_pods, yredelemnul_forgotten_temple_becter,
          amcnicky_altar_gilded, grunt_qazlal_clouds,
          minmay_orc_entry_guard_dogs, uniq_joseph, uniq_gastronok, uniq_harold,
          uniq_pikel
D:10:     layout_roguey, mainiacjoe_overflow_small_starburst,
          mainiacjoe_overflow_paths, erik_lair_orcish_takeover, kennysheep_donut
Temple:   hellmonk_temple_micro_hex
Lair:1:   layout_misc_corridors
Lair:2:   layout_long_grid, hellmonk_spider_entry_life_and_decay,
          grunt_megastairs_3
Lair:3:   layout_cave_shapes, minmay_shoals_entry_centaurs, serial_bayou_pond_c,
          hangedman_tree_tricks, chequers_serial_rivers_marsh,
          beast_lair_carwin_11
Lair:4:   layout_roguey, hellmonk_guarded_unrand_vines, serial_bayou_shore_a,
          lemuel_fruit_fields, serial_bayou_shore_b, grunt_megastairs_2
Lair:5:   grunt_lair_end_beastmaster, layout_cave_pods, slime_entry_1,
          gammafunk_ghost_arena, special_room [special_room_jelly],
          nicolae_lair_run_with_the_wolves, serial_bayou_shore_b,
          wad_woods_river_01
Orc:1:    layout_caves

Skill      XL: |  1  2  3  4  5  6  7  8  9 10 11 12 13 |
---------------+----------------------------------------+-----
Stealth        | 2 3 4 5 |  5.0
Dodging        | 2 3 4 6 7 8 9 10 | 10.0
Fighting       | 1 2 3 4 5 6 7 8 10 | 10.0
Ice Magic      | 4 5 6 7 9 10 | 10.1
Spellcasting   | 3 4 5 6 7 8 9 10 | 10.0
Conjurations   | 2 4 6 7 9 10 | 10.0

Action                   |  1- 3 |  4- 6 |  7- 9 | 10-12 | 13-15 || total
-------------------------+-------+-------+-------+-------+-------++-------
Melee: Unarmed           |    20 |       |    26 |       |       ||    46
       Short sword       |    21 |     3 |       |       |       ||    24
       Rapier            |       |    35 |   162 |       |       ||   197
       Tailslap          |       |     2 |    43 |    49 |     2 ||    96
       Punch             |       |       |     5 |     2 |       ||     7
       Staff             |       |       |    59 |   225 |    16 ||   300
 Cast: Freeze            |    71 |    90 |    97 |   178 |    21 ||   457
       Frozen Ramparts   |       |       |    26 |    39 |     5 ||    70
       Ozocubu's Armour  |       |       |    20 |    33 |     6 ||    59
       Hailstorm         |       |       |     7 |    59 |    12 ||    78
       Freezing Cloud    |       |       |       |     6 |     7 ||    13
       Flame Wave        |       |       |       |     5 |     1 ||     6
Evoke: Wand              |       |       |     6 |     3 |     1 ||    10
  Use: Potion            |     1 |       |     1 |       |     1 ||     3
       Scroll            |       |       |     7 |    11 |     6 ||    24
 Stab: Sleeping          |     2 |     3 |     8 |     2 |       ||    15
Armor: Robe              |     5 |       |       |       |       ||     5
       Leather armour    |    15 |     4 |       |       |       ||    19
       Troll leather arm |       |    27 |   118 |   160 |    26 ||   331
Dodge: Dodged            |    76 |    73 |   334 |   384 |    79 ||   946
